 Dungeon Crawl Stone Soup version 0.31-a0-219-g8d62b2e7bb (webtiles) character file.

Game seed: 3134034351894412180

11 promet the Shield-Bearer (level 2, 0/29 HPs)
             Began as a Gnoll Fighter on July 3, 2023.
             Slain by a hobgoblin
             ... wielding a +0 spear
              (8 damage)
             ... on level 1 of the Dungeon.
             The game lasted 00:01:05 (822 turns).

promet the Shield-Bearer (Gnoll Fighter)             Turns: 822, Time: 00:01:06

Health: 0/29       AC:  7    Str: 15    XL:     2   Next: 29%
Magic:  2/2        EV:  6    Int:  7    God:
Gold:   0          SH:  5    Dex: 11    Spells: 1/1 levels left

rFire   . . .        a - +0 war axe
rCold   . . .        c - +0 buckler
rNeg    . . .        b - +0 scale mail
rPois   .            (no helmet)
rElec   .            (no cloak)
rCorr   .            (no gloves)
SInv    .            (no boots)
Will    .....        (no amulet) Stlth
                     (no ring)
HPRegen 0.24/turn    (no ring)
MPRegen 0.08/turn

%: no passive effects
@: constricted
A: fangs 1, strong nose, distributed training
a: no special abilities


You were on level 1 of the Dungeon.
You visited 1 branch of the dungeon, and saw 1 of its levels.

Inventory:

Hand Weapons
 a - a +0 war axe (weapon)
Armour
 b - a +0 scale mail (worn)
 c - a +0 buckler (worn)
Potions
 d - a potion of might
 e - a potion of curing {unknown}


   Skills:
 + Level 6.5 Fighting
 + Level 0.4 Short Blades
 + Level 0.4 Long Blades
 + Level 4.5 Axes
 + Level 0.4 Maces & Flails
 + Level 0.4 Polearms
 + Level 0.4 Staves
 + Level 0.4 Ranged Weapons
 + Level 0.4 Throwing
 + Level 6.5 Armour
 + Level 0.4 Dodging
 + Level 0.4 Stealth
 + Level 6.5 Shields
 + Level 0.4 Unarmed Combat
 + Level 0.4 Spellcasting
 + Level 0.2 Conjurations
 + Level 0.2 Hexes
 + Level 0.2 Summonings
 + Level 0.2 Necromancy
 + Level 0.2 Translocations
 + Level 0.2 Transmutations
 + Level 0.2 Fire Magic
 + Level 0.2 Ice Magic
 + Level 0.2 Air Magic
 + Level 0.2 Earth Magic
 + Level 0.2 Poison Magic
 + Level 0.5 Invocations
 + Level 0.4 Evocations


You had one spell level left.
You didn't know any spells.
Your spell library was empty.

Dungeon Overview and Level Annotations

Branches:
Dungeon (1/15)

Altars:


Innate Abilities, Weirdness & Mutations

You have very sharp teeth.
Your uncanny sense of smell can sniff out nearby items.
Your experience applies equally to all skills.


Message History

You are poisoned.
You feel very sick.
You feel sick.
You feel sick.
You feel sick.
You feel sick.
You see here a +0 club.
You feel sick.
A ball python comes into view.
You feel sick.
The ball python hisses angrily.
The kobold hits you but does no damage.
You hit the kobold but do no damage.
You feel sick.
You are no longer poisoned.
The hobgoblin hits you from afar with a +0 spear.
You block the kobold's attack.
You miss the kobold. The hobgoblin barely misses you.
The kobold hits you with a +0 club.
A kobold comes into view. It is wielding a +0 short sword.
You barely miss the kobold.
The kobold shouts!
The hobgoblin barely misses you. The kobold barely misses you.
The kobold hits you with a +0 club. The hobgoblin closely misses you.
You slash the kobold!
You kill the kobold!
The hobgoblin hits you but does no damage.
The ball python closely misses you. The ball python grabs you.
The ball python constricts you.
You hit the ball python.
The ball python is moderately wounded.
The ball python bites you but does no damage.
The ball python constricts you.
The hobgoblin hits you from afar with a +0 spear.
You closely miss the ball python.
The ball python is moderately wounded.
The ball python bites you but does no damage.
The ball python constricts you.
* * * LOW HITPOINT WARNING * * *
The hobgoblin hits you from afar with a +0 spear!
You die...

....... .K...
... #.## #..#
#######.#######
.......gK......
#######S#######
♣♣♣ #@# ♣ ♣♣8♣♣
#.# ♣ ♣P~P♣ #)#
♣♣~~~♣♣~~~♣♣
#.##
♣P.^.♣♣.^..♣
#..##


♣PP.P ♣...P♣ ##..# ♣♣♣.♣♣♣♣.♣♣♣♣♣♣♣##.# ♣♣P.......♣P.~~♣♣#.#
♣♣..........^~~8♣#.# You could see a hobgoblin, a ball python and a kobold.

Vanquished Creatures
  2 endoplasms (D:1)
  3 goblins (D:1)
  A hobgoblin (D:1)
  A ball python (D:1)
  A bat (D:1)
  2 kobolds (D:1)
10 creatures vanquished.

Notes
Turn   | Place    | Note
-------+----------+-------------------------------------------
     0 | D:1      | promet the Gnoll Fighter began the quest for the Orb.
     0 | D:1      | Reached XP level 1. HP: 23/23 MP: 1/1
   547 | D:1      | Reached XP level 2. HP: 29/29 MP: 2/2
   822 | D:1      | Slain by a hobgoblin

Illustrated notes

Levels and vault maps discovered:
D:1:      psy_arrival_wood_between_worlds, layout_basic, hex_medium,
          minmay_tiny_reverse_x

Action                     || total
---------------------------++-------
  Melee: War axe           ||    34
         Bite              ||     3
 Armour: Scale mail        ||    10
  Dodge: Dodged            ||    19
  Block: Buckler           ||     8

Table legend: (Time is in decaauts)
 A = Elapsed time spent in this place.
 B = Non-inter-level travel time spent in this place.
 C = Inter-level travel time spent in this place.
 D = Time resting spent in this place.
 E = Time spent auto-exploring this place.
 F = Levels seen in this place.
 G = Mean time per level.
                   A        B        C        D        E       F      G
               +--------+--------+--------+--------+--------+-----+--------+
         Total |    832 |    832 |      0 |    538 |    149 |   1 |  832.0 |
       Dungeon |    832 |    832 |      0 |    538 |    149 |   1 |  832.0 |
               +--------+--------+--------+--------+--------+-----+--------+

Top non-repeatable levels by time:
     D:1: 832 daAuts
